 Dungeon Crawl Stone Soup version 0.19-a0-922-gae50766 (webtiles) character file.

161 Loup the Sneak (level 5, -1/26 HPs)
             Began as a Vine Stalker Assassin on July 5, 2016.
             Killed from afar by an orc wizard (8 damage)
             ... with a magic dart
             ... on level 3 of the Dungeon.
             The game lasted 00:03:16 (1740 turns).

Loup the Sneak (Vine Stalker Assassin)              Turns: 1740, Time: 00:03:17

Health: -1/26      AC:  5    Str: 14    XL:     5   Next: 42%
Magic:  0/6        EV: 11    Int: 11    God:
Gold:   55         SH:  0    Dex: 16    Spells: 0 memorised, 4 levels left

rFire  . . .     SeeInvis .     a - +2 dagger
rCold  . . .     Gourm    .     c - +0 robe
rNeg   . . .     Faith    .     (no shield)
rPois  .         Spirit   +     (no helmet)
rElec  .         Dismiss  .     d - +0 cloak
rCorr  .         Reflect  .     l - +1 pair of gloves
SustAt .         Harm     .     (no boots)
MR     .....                    (no amulet)
Stlth  +++.......               (no ring)
                                (no ring)

@: not resistant to hostile enchantments, fairly stealthy
A: fangs 2, regeneration 1, magic shield, antimagic bite, no device heal 3, rot
immunity
a: no special abilities


You were on level 3 of the Dungeon.
You were hungry.

You visited 1 branch of the dungeon, and saw 3 of its levels.

You collected 55 gold pieces.

Inventory:

Hand Weapons
 a - a +2 dagger (weapon)
 b - a +0 blowgun
Missiles
 e - 23 poisoned needles
 f - 2 curare-tipped needles
Armour
 c - a +0 robe (worn)
 d - a +0 cloak (worn)
 l - a +1 pair of gloves (worn)
Jewellery
 u - an uncursed amulet of harm {unknown}
Scrolls
 i - a scroll of magic mapping {unknown}
 k - 3 scrolls of identify {unknown}
 o - a scroll of enchant armour {unknown}
 t - a scroll of random uselessness {unknown}
 v - a scroll of recharging {unknown}
 x - a scroll of fear {unknown}
Potions
 m - a potion of lignification {unknown}
 p - a potion of beneficial mutation {unknown}
 q - a potion of heal wounds {unknown}
 r - a potion of agility {unknown}
 s - a potion of cure mutation {unknown}
 z - a potion of resistance {unknown}
 A - a potion of ambrosia {unknown}
Comestibles
 g - a bread ration
 h - 2 meat rations
 j - 3 fruits
 n - a beef jerky
 w - 10 chunks of flesh


   Skills:
 - Level 1.7 Fighting
 + Level 4.8 Short Blades
 - Level 1.7 Throwing
 - Level 0.7 Dodging
 - Level 5.0 Stealth


You had 4 spell levels left.
You didn't know any spells.

Dungeon Overview and Level Annotations

Branches:
Dungeon (3/15)

Altars:


Innate Abilities, Weirdness & Mutations

You have extremely sharp teeth.
Your natural rate of healing is unusually fast.
When hurt, damage is shared between your health and your magic reserves.
Your bite disrupts and absorbs the magic of your enemies.
Potions and wands cannot restore your health.
You are immune to rotting.


Message History

The orc wizard is moderately wounded.
The orc wizard mumbles some strange words.
The orc wizard blinks!
The orc wizard points at you and mumbles some strange words.
The magic dart hits you!
You are too injured to fight recklessly!
You are too injured to fight recklessly!
Items here: )))))) [[[ †† The orc wizard hits you with a dagger.
You are too injured to fight recklessly!
You are too injured to fight recklessly!
You hit the orc wizard.
The orc wizard is severely wounded.
The orc wizard hits you with a dagger. x2
* * * LOW HITPOINT WARNING * * *
You hit the orc wizard. Your bite misses the orc wizard.
The orc wizard is severely wounded.
The orc wizard casts a spell at you. The magic dart hits you!
You die...

.........#
...o.....# ....#
.. ...#og.# ....+
..# #.#...#
....###.# #.....#
....+...#####
#.##..#
....#...#...
#.....#
....#.#.#.#
###o.####
....#.....#
#.@..# #........#
#)#### #..##.)..#
#.#
##...#....#####.#
..........+(..#.#
..........##.##.#
........####....#
.............####
.............#


You could see an orc wizard.

Vanquished Creatures
  2 orc wizards (D:3)
  3 adders
  2 oozes (D:1)
  2 worms (D:2)
  A dart slug (D:1)
  2 giant geckos
  9 orcs (D:3)
  3 bats
  A giant cockroach (D:2)
  9 goblins
  2 hobgoblins
  5 kobolds
  2 quokkas
  2 giant newts
  6 rats
51 creatures vanquished.

Notes
Turn   | Place    | Note
-------+----------+-------------------------------------------
     0 | D:1      | Loup the Vine Stalker Assassin began the quest for the Orb.
     0 | D:1      | Reached XP level 1. HP: 11/11 MP: 2/2
   148 | D:1      | Reached skill level 5 in Stealth
   180 | D:1      | Reached XP level 2. HP: 15/15 MP: 3/3
   539 | D:1      | Reached XP level 3. HP: 18/18 MP: 4/4
  1189 | D:2      | Reached XP level 4. HP: 18/23 MP: 2/5
  1719 | D:3      | Reached XP level 5. HP: 18/26 MP: 6/6
  1740 | D:3      | Killed from afar by an orc wizard

Vault maps used:
D:1:      dpeg_arrival_water_fire, corexii_item_surrounded_by_moat
D:3:      minmay_misc_feat_tiny

Skill      XL: |  1  2  3  4 |
---------------+-------------+-----
Short Blades   | 2 3 4 |  4.8
Stealth        | 5 |  5.0
Fighting       | |  1.7
Throwing       | |  1.7
Dodging        | |  0.7

Action                   |  1- 3 |  4- 6 || total
-------------------------+-------+-------++-------
Melee: Dagger            |    76 |    68 ||   144
       Bite              |    13 |    23 ||    36
 Fire: Blowgun           |     3 |       ||     3
 Stab: Sleeping          |     7 |     9 ||    16
  Eat: Chunk             |     1 |     1 ||     2
Armor: Robe              |    13 |    11 ||    24
Dodge: Dodged            |    32 |    13 ||    45
